 Dungeon Crawl Stone Soup version 0.30.1-4-g462c640d31 (webtiles) character file.

Game seed: 5638637512612200110

1258 H0rd4k the Insei (level 8, 0/52 HPs)
             Began as an Octopode Artificer on Sept 12, 2023.
             Was an Initiate of Gozag.
             Slain by a shadow imp (3 damage)
             ... on level 6 of the Dungeon on Sept 15, 2023.
             The game lasted 00:04:41 (4703 turns).

H0rd4k the Insei (Octopode Artificer)               Turns: 4703, Time: 00:04:42

Health: 0/52       AC:  1    Str: 12    XL:     8   Next: 51%
Magic:  8/8        EV: 14    Int: 15    God:    Gozag
Gold:   268        SH:  0    Dex: 12    Spells: 7/7 levels left

rFire   . .          .
                       - Unarmed
rCold   + . .        (no shield)
rNeg    . . .        (helmet restricted)
rPois   .            (no amulet)
rElec   .            p - ring of protection from cold
rCorr   .            (no ring)
SInv    .            (no ring)
Will    .....        (no ring)
Stlth   +++          (no ring)
HPRegen 0.28/turn    (no ring)
MPRegen 0.11/turn    (no ring)
                     (no ring)

%: no passive effects
@: no status effects
A: almost no armour, amphibious, 8 rings, camouflage 1, gelatinous body 1,
(nimble swimmer 1), tentacles
a: Renounce Religion, Potion Petition, Call Merchant, Bribe Branch


You were on level 6 of the Dungeon.
You worshipped Gozag.
Gozag was aware of your devotion.
You visited 2 branches of the dungeon, and saw 7 of its levels.

You collected 337 gold pieces.
You paid 69 gold pieces to Gozag.

Inventory:

Hand Weapons
 b - a +4 dagger of freezing
Missiles
 h - 11 poisoned darts (quivered)
 j - 5 curare-tipped darts
Jewellery
 p - a ring of protection from cold (left tentacle)
 w - a ring of willpower
Wands
 c - a wand of charming (14)
Scrolls
 a - 3 scrolls of blinking {unknown}
 e - 3 scrolls of teleportation {unknown}
 i - a scroll of acquirement {unknown}
 k - a scroll of noise {unknown}
 m - 2 scrolls of enchant armour {unknown}
 o - a scroll of vulnerability {unknown}
 r - 2 scrolls of identify {unknown}
 t - a scroll of immolation {unknown}
Potions
 d - 2 potions of magic {unknown}
 f - 3 potions of cancellation {unknown}
 g - 2 potions of heal wounds {unknown}
 l - 3 potions of brilliance {unknown}
 n - a potion of attraction {unknown}
 q - a potion of ambrosia {unknown}
 s - 2 potions of haste {unknown}
 u - 2 potions of curing {unknown}
 v - a potion of invisibility {unknown}


   Skills:
 + Level 3.1 Fighting
 + Level 3.5 Throwing
 + Level 4.5 Dodging
 - Level 1.3 Stealth
 + Level 6.7 Unarmed Combat
 + Level 5.0 Evocations


You had 7 spell levels left.
You didn't know any spells.
Your spell library contained the following spells:

 Spells                   Type           Power      Damage    Failure   Level
 Foxfire                  Conj/Fire      0%         2x1d4     26%         1
 Fireball                 Conj/Fire      0%         3d3       100%        5
 Plasma Beam              Fire/Air       0%         2x1d11    100%        6
 Starburst                Conj/Fire      0%         6d3       100%        6


Dungeon Overview and Level Annotations

Branches:
Dungeon (6/15)             Temple (1/1) D:5

Altars:
Ashenzari
Cheibriados
Dithmenos
Elyvilon
Gozag
Hepliaklqana
Kikubaaqudgha
Makhleb
Okawaru
Qazlal
Sif Muna
Trog
Uskayaw
Wu Jian
Yredelemnul
The Shining One

Annotations:
D:2 1 runed translucent door, exclusions: door and downstairs, Crazy Yiuf


Innate Abilities, Weirdness & Mutations

You cannot wear most types of armour.
You are amphibious.
You can wear up to eight rings at the same time.
Your skin changes colour to match your surroundings (Stealth+).
Your rubbery body absorbs attacks. (AC +1, EV +1)
((You are camouflaged when in or above water. (Stealth+)))
You have tentacles for arms and can constrict up to eight enemies at once.


Message History

The wight is distracted by your dazzling golden aura.
You tentacle-slap the wight.
The wight is no longer distracted by gold.
The wight is heavily damaged.
You constrict the wight, but do no damage.
The wight hits you with a +4 dagger of freezing!
* * * LOW HITPOINT WARNING * * *
The wight freezes you.
* * * LOW HITPOINT WARNING * * *
Aiming: Throw Flame
Press: ? - help, Shift-Dir - straight line, f - wight
Aim: a wight, wielding a +4 dagger of freezing and wearing a +0 robe (heavily damaged, constricted by you, 100% to hit)
The puff of flame hits the wight.
The wight is severely damaged.
You constrict the wight. The wight barely misses you.
Aiming: Throw Flame
Press: ? - help, Shift-Dir - straight line, f/p - wight
Aim: a wight, wielding a +4 dagger of freezing and wearing a +0 robe (almost destroyed, constricted by you, 100% to hit)
The puff of flame hits the wight.
You destroy the wight!
The now-empty wand crumbles to dust.
Your life force feels restored.
Unknown command.
You now have 268 gold pieces (gained 22).
Items here: )) [[.
A shadow imp comes into view.
Items here: )) [[.
b - a +4 dagger of freezing You barely miss the shadow imp.
You grab the shadow imp. You constrict the shadow imp.
The shadow imp gestures at you. Pain shoots through your body!
* * * LOW HITPOINT WARNING * * *
You tentacle-slap the shadow imp.
The shadow imp is moderately wounded.
You constrict the shadow imp.
The shadow imp shouts, "Embrace thy fall, thou wayward tardy-gaited coxcomb!"
The shadow imp hits you.
You die...
Your body crumbles into a pile of gold.

.# #.# ..# #.#
..# #.#....# .
#.#....# ...
#.#....#
.....####.#....#
........[...#
.....####@#.#
... ##5#.# .
#<...# ##.#...'
#.#.#.#.. #+#+#
#


You could see a shadow imp.

Vanquished Creatures
  Prince Ribbit (D:5)
  An ice beast (D:5)
  3 ogres
  4 scorpions
  2 wights (D:6)
  A hound (D:6)
  A sleepcap (D:5)
  4 iguanas (D:5)
  An orc wizard (D:3)
  5 adders
  6 gnolls (D:5)
  A white imp (D:5)
  2 ufetubi (D:5)
  A worm (D:2)
  8 orcs
  8 endoplasms
  7 giant cockroaches
  7 goblins
  7 hobgoblins
  4 jackals (D:1)
  6 ball pythons
  6 bats
  4 frilled lizards
  5 kobolds
  4 rats
99 creatures vanquished.

Notes
Turn   | Place    | Note
-------+----------+-------------------------------------------
     0 | D:1      | H0rd4k the Octopode Artificer began the quest for the Orb.
     0 | D:1      | Reached XP level 1. HP: 13/13 MP: 1/1
    96 | D:1      | Found a faded altar of an unknown god.
   150 | D:1      | Reached XP level 2. HP: 12/18 MP: 2/2
   238 | D:1      | Reached skill level 1 in Unarmed Combat
   955 | D:2      | Found a runed translucent door.
   956 | D:2      | Noticed Crazy Yiuf
   987 | D:2      | Reached XP level 3. HP: 23/23 MP: 3/3
  1140 | D:2      | Found a bloodstained altar of Trog.
  1682 | D:2      | Reached XP level 4. HP: 16/28 MP: 4/4
  1760 | D:3      | Reached skill level 2 in Unarmed Combat
  2162 | D:3      | Reached XP level 5. HP: 27/33 MP: 5/5
  2458 | D:4      | Noticed an ogre
  2468 | D:4      | Killed an ogre
  2469 | D:4      | Reached skill level 3 in Unarmed Combat
  2641 | D:4      | Found a hide-covered altar of Uskayaw.
  2795 | D:4      | Reached skill level 4 in Unarmed Combat
  2795 | D:4      | Reached XP level 6. HP: 24/39 MP: 6/6
  3182 | D:5      | Entered Level 5 of the Dungeon
  3186 | D:5      | Reached XP level 7. HP: 45/45 MP: 7/7
  3259 | D:5      | Reached skill level 1 in Throwing
  3263 | D:5      | Reached skill level 5 in Unarmed Combat
  3700 | D:5      | Found a staircase to the Ecumenical Temple.
  3786 | Temple   | Entered the Ecumenical Temple
  3793 | Temple   | Became a worshipper of Gozag Ym Sagoz the Greedy
  3905 | D:5      | Reached skill level 6 in Unarmed Combat
  4082 | D:5      | Reached XP level 8. HP: 51/51 MP: 8/8
  4541 | D:5      | Noticed Prince Ribbit
  4562 | D:5      | Killed Prince Ribbit
  4690 | D:6      | Reached skill level 5 in Evocations
  4703 | D:6      | Slain by a shadow imp

Illustrated notes

Levels and vault maps discovered:
D:1:      dpeg_arrival_rooms_a, layout_basic, nicolae_ecumenical_lake_church,
          minmay_tetromino_l2
D:2:      layout_rooms, basic_altar, uniq_crazy_yiuf_cottage
D:3:      layout_rooms
D:4:      layout_basic, nicolae_uskayaw_murder_on_the_dancefloor
D:5:      layout_basic, minmay_temple_entry_mini_moons, uniq_prince_ribbit1
D:6:      layout_basic, serial_shops, shop, uniq_sigmund, uniq_grinder
Temple:   nicolae_temple_no_exploring_needed

Skill      XL: |  1  2  3  4  5  6  7  8 |
---------------+-------------------------+-----
Unarmed Combat | 1 2 4 6 |  6.7
Evocations     | 4 5 |  5.0
Dodging        | 3 4 |  4.5
Fighting       | 2 3 |  3.1
Throwing       | 2 3 |  3.5
Stealth        | |  1.3

Action                     |  1- 3 |  4- 6 |  7- 9 || total
---------------------------+-------+-------+-------++-------
  Melee: Unarmed           |    91 |    88 |    72 ||   251
         Constrict         |    28 |    15 |    21 ||    64
         Tentacles         |    23 |    22 |    21 ||    66
         Punch             |       |       |     6 ||     6
  Throw: Dart              |     2 |     2 |    41 ||    45
  Evoke: Wand              |       |     6 |    15 ||    21
   Stab: Sleeping          |     5 |    10 |       ||    15
         Distracted        |       |     1 |       ||     1
 Armour: Skin              |     8 |     7 |     2 ||    17
  Dodge: Dodged            |    77 |    29 |    36 ||   142
